 Dungeon Crawl Stone Soup version 0.29-a0-664-gff9cad4a3d (webtiles) character file.

Game seed: 10954535806052294538

158463 DocClef the Executioner (level 17, -13/176 HPs)
             Began as a Minotaur Fighter on June 22, 2022.
             Was the Champion of Okawaru.
             Shot with an arrow by a deep elf master archer (14 damage)
             ... on level 3 of the Elven Halls.
             The game lasted 00:41:49 (29299 turns).

DocClef the Executioner (Minotaur Fighter)         Turns: 29299, Time: 00:41:50

Health: -13/176    AC: 39    Str: 30    XL:     17   Next: 14%
Magic:  20/25      EV: 13    Int:  3    God:    Okawaru [******]
Gold:   1629       SH:  0    Dex: 16    Spells: 16/16 levels left

rFire   . . .      SeeInvis .   P - +9 battleaxe of Usisigg {freeze, rN+ Int+4 Dex+4}
rCold   + . .      Faith    .   (shield currently unavailable)
rNeg    + + +      Spirit   .   R - +5 crystal plate armour of Watchfulness {rC+ Stlth+}
rPois   +          Reflect  .   l - +2 hat "Qecwif" {-Cast +Inv Regen+ Str-4}
rElec   .          Harm     .   C - +2 ratskin cloak {*Rats rPois rN+ Str-1 Int-1 Dex+1}
rCorr   .          Rampage  .   n - +1 pair of gloves
Will    ++++.      Clarity  +   H - +0 pair of boots {Fly}
Stlth   .......... NoCast   +   Y - amulet of the Four Winds {rN+ Will+++ Clar}
HPRegen 1.19/turn               r - +4 ring of evasion
MPRegen 0.19/turn               x - ring "Cusiza" {rN++ AC+4 Str+7 Int-5}

@: about to teleport, heroic, finesse-ful, corroded, flying
A: horns 2, retaliatory headbutt
a: Renounce Religion, Evoke Invisibility, Heroism, Finesse, Duel


You were on level 3 of the Elven Halls.
You worshipped Okawaru.
Okawaru was exalted by your worship.
You visited 5 branches of the dungeon, and saw 27 of its levels.
You also visited: Gauntlet and Ice Cave.

You collected 2494 gold pieces.
You spent 865 gold pieces at shops.

Inventory:

Hand Weapons
 D - a +2 executioner's axe of electrocution
 L - a +3 trident of electrocution
 P - the +9 battleaxe of Usisigg (weapon) {freeze, rN+ Int+4 Dex+4}
   (Okawaru gifted it to you on level 3 of the Lair of Beasts)

   It freezes those it strikes, dealing additional cold damage.
   It can also slow down cold-blooded creatures.
   Int:       It affects your intelligence (+4).
   Dex:       It affects your dexterity (+4).
   rN:        It protects you from negative energy.
 W - a +3 spectral lajatang
Armour
 c - a +0 buckler
 l - the +2 hat "Qecwif" (worn) {-Cast +Inv Regen+ Str-4}
   (Okawaru gifted it to you on level 2 of the Orcish Mines)

   Str:       It affects your strength (-4).
   +Inv:      It lets you turn invisible.
   -Cast:     It prevents spellcasting.
   Regen:     It increases your rate of health regeneration.
 n - a +1 pair of gloves (worn)
 C - the +2 ratskin cloak (worn) {*Rats rPois rN+ Str-1 Int-1 Dex+1}
   (You found it on level 11 of the Dungeon)

   When the wearer is hurt, rats may emerge from it to assist them.
   Str:       It affects your strength (-1).
   Int:       It affects your intelligence (-1).
   Dex:       It affects your dexterity (+1).
   rPois:     It protects you from poison.
   rN:        It protects you from negative energy.
 H - a +0 pair of boots of flying (worn)
 R - the +5 crystal plate armour of Watchfulness (worn) {rC+ Stlth+}
   (Okawaru gifted it to you on level 4 of the Lair of Beasts)

   rC:        It protects you from cold.
   Stlth:     It makes you more stealthy.
 S - a +2 hat of see invisible
 T - a +2 scale mail of fire resistance
Jewellery
 r - a +4 ring of evasion (left hand)
 x - the ring "Cusiza" (right hand) {rN++ AC+4 Str+7 Int-5}
   (You bought it in a shop on level 1 of the Orcish Mines)

   [ring of protection]

   AC:        It affects your AC (+4).
   Str:       It affects your strength (+7).
   Int:       It affects your intelligence (-5).
   rN:        It greatly protects you from negative energy.
 z - a ring of flight
 B - an amulet of reflection
 Y - the amulet of the Four Winds (around neck) {rN+ Will+++ Clar}
   (You found it in a Gauntlet)

   [amulet of nothing]

   rN:        It protects you from negative energy.
   Clar:      It protects you against confusion.
   Will:      It greatly increases your willpower.
Wands
 h - a wand of acid (26)
 t - a wand of digging (17)
 y - a wand of flame (55)
 A - a wand of polymorph (15)
 Q - a wand of iceblast (9)
Scrolls
 a - a scroll of silence
 b - a scroll of amnesia
 j - 17 scrolls of identify
 m - 17 scrolls of teleportation
 o - 2 scrolls of torment
 q - 4 scrolls of fear
 G - 5 scrolls of poison
 I - 5 scrolls of fog
 J - 3 scrolls of enchant weapon
 N - 3 scrolls of blinking
 O - 3 scrolls of magic mapping
 V - 4 scrolls of enchant armour
Potions
 d - a potion of might
 e - 2 potions of flight
 f - 3 potions of haste
 g - 8 potions of brilliance
 i - 3 potions of magic
 k - 5 potions of heal wounds
 p - a potion of berserk rage
 s - 5 potions of lignification
 u - 3 potions of resistance
 v - 4 potions of attraction
 w - 11 potions of curing
 E - 5 potions of invisibility
 U - 4 potions of cancellation
Miscellaneous
 F - a phial of floods


   Skills:
 - Level 22.0(27) Fighting
 + Level 24.1(27) Axes
 - Level 11.0(16.0) Armour
 - Level 3.6(8.6) Shields
 - Level 12.1 Invocations


You had 16 spell levels left.
You didn't know any spells.
Your spell library contained the following spells:

 Spells                   Type           Power      Damage    Failure   Level
 Beastly Appendage        Tmut           0%         N/A       100%        1
 Slow                     Hex            0%         N/A       100%        1
 Blink                    Tloc           0%         N/A       100%        2
 Scorch                   Fire           0%         2d5       100%        2
 Sublimation of Blood     Necr           0%         N/A       100%        2
 Wereblood                Tmut           0%         N/A       100%        2
 Confusing Touch          Hex            0%         N/A       100%        3
 Spider Form              Tmut/Pois      0%         N/A       100%        3
 Vampiric Draining        Necr           0%         2d6       100%        3
 Cause Fear               Hex            0%         N/A       100%        4
 Flame Wave               Conj/Fire      0%         2d4       100%        4
 Hailstorm                Conj/Ice       0%         3d3       100%        4
 Ice Form                 Ice/Tmut       0%         N/A       100%        4
 Leda's Liquefaction      Hex/Erth       0%         N/A       100%        4
 Passage of Golubria      Tloc           0%         N/A       100%        4
 Iskenderun's Battlesphe  Conj           0%         2d6       100%        5
 Lee's Rapid Deconstruct  Erth           0%         3d5*      100%        5
 Manifold Assault         Tloc           0%         N/A       100%        5
 Silence                  Hex/Air        0%         N/A       100%        5
 Iron Shot                Conj/Erth      0%         9d1       100%        6
 Statue Form              Tmut/Erth      0%         N/A       100%        6
 Dragon Form              Tmut           0%         N/A       100%        7
 Storm Form               Tmut/Air       0%         N/A       100%        7
 Lehudib's Crystal Spear  Conj/Erth      0%         10d2      100%        8
 Simulacrum               Ice/Necr       Unusable   N/A       N/A         6
 Summon Cactus Giant      Summ           Unusable   N/A       N/A         6
 Spellforged Servitor     Conj/Summ      Unusable   N/A       N/A         7
 Summon Hydra             Summ           Unusable   N/A       N/A         7
 Dragon's Call            Summ           Unusable   N/A       N/A         9

Dungeon Overview and Level Annotations

Branches:
Dungeon (15/15)            Temple (1/1) D:5            Lair (6/6) D:10
 Shoals (0/4) Lair:2        Snake (0/4) Lair:2        Slime (0/5) Lair:5
    Orc (2/2) D:9             Elf (3/3) Orc:2        Vaults (0/5) D:14
 Depths (0/4) D:15          IceCv (visited)         Gauntlet (visited)

Altars:
Ashenzari
Cheibriados
Dithmenos
Elyvilon
Fedhas
Gozag
Hepliaklqana
Kikubaaqudgha
Makhleb
Nemelex Xobeh
Okawaru
Qazlal
Ru
Sif Muna
Trog
Uskayaw
Vehumet
Wu Jian
Xom
Yredelemnul
Zin
The Shining One
Beogh
Jiyva

Shops:
D:4 *   D:5 (   D:10 *   D:13 (   Orc:1 =   Orc:2 (?(?

Annotations:
Lair:4 2 transporters, Ithra's ghost, journeyman OgTm


Innate Abilities, Weirdness & Mutations

You have a pair of horns on your head.
You reflexively headbutt those who attack you in melee.


Message History

You slice the deep elf annihilator!! You freeze the deep elf annihilator.
You kill the deep elf annihilator!
Okawaru accepts your kill.
The deep elf elementalist mumbles some strange words.
The deep elf elementalist seems to speed up.
A shard of ice appears from out of thin air!
The shard of ice hits you! You partially resist.
* * * LOW HITPOINT WARNING * * *
The deep elf sorcerer gestures wildly while chanting.
The deep elf sorcerer seems to speed up.
The deep elf death mage points at you and mumbles some strange words.
The bolt of negative energy misses you.
You hear a shout! x2
Your surroundings suddenly seem different.
A deep elf elementalist, a deep elf sorcerer and a deep elf zephyrmancer come into view.
The deep elf elementalist is wielding a +2 antimagic long sword.
The deep elf elementalist shouts!
The deep elf elementalist gestures wildly while chanting.
The deep elf elementalist seems to speed up.
The deep elf demonologist gestures wildly while chanting.
A deep elf elementalist comes into view.
It is wielding a +0 rapier.
The deep elf master archer wields a +0 longbow.
The deep elf master archer shoots an arrow.
The arrow hits you but does no damage.
The deep elf master archer shoots an arrow.
The arrow hits you!!
* * * LOW HITPOINT WARNING * * *
The deep elf zephyrmancer moves out of view.
Really read the scroll of torment?
Okay, then.
As you read the scroll of teleportation, it crumbles to dust.
You feel strangely unstable.
The deep elf elementalist gestures at you while chanting.
Some walls begin to move on their own!
The deep elf master archer shoots an arrow.
The arrow hits you!
* * * LOW HITPOINT WARNING * * *
The deep elf master archer shoots an arrow.
The arrow hits you!
You die...

#..# #..##....###
*#))#..=....###
..e...........#
..))..........e..
.....{#.....e......
..e.#.##...........
.e####..##..ee.....
.# ....eE.@Ee..e..
......Eee......
.......2.......
...............
..............#
............###
..........###
#########+#


You could see a deep elf blademaster, a deep elf master archer, a deep elf
annihilator (empowered), 3 deep elf sorcerers, 2 deep elf elementalists, a deep
elf demonologist (empowered), 3 earth elementals, a deep elf zephyrmancer, a
tormentor (summoned) and a lost soul (summoned).

Vanquished Creatures
  Jorgrun (Orc:1)
  Rupert (Lair:5)
  Agnes (D:15)
  A deep elf sorcerer (Elf:3)
  3 deep elf elementalists
  An ironbound preserver (D:14)
  Azrael (D:15)
  A deep elf annihilator (Elf:3)
  A minotaur (Gauntlet)
  A dire elephant (D:15)
  3 deep elf death magi (Elf:2)
  3 deep elf high priests
  2 boulder beetles
  A rakshasa (D:13)
  6 ogre magi
  7 hydras
  24 two-headed ogres
  3 catoblepae (Lair:6)
  4 centaur warriors
  A tengu warrior (D:13)
  27 dancing weapons
  6 death yaks (Lair:6)
  10 deep elf knights
  2 bog bodies (IceCv)
  2 orc knights
  2 lindwurms
  7 deep elf archers
  23 deep elf zephyrmancers
  A wolf spider (D:15)
  21 deep elf pyromancers
  4 orc sorcerers
  9 cyclopes
  5 manticores
  11 ugly things
  3 black mambas
  25 elephants
  An ice statue (IceCv)
  12 cane toads
  A freezing wraith (IceCv)
  A komodo dragon (shapeshifter) (D:14)
  A yaktaur (shapeshifter) (D:11)
  2 efreet
  2 unseen horrors (D:12)
  2 minotaur zombies (Gauntlet)
  2 tengu conjurers (D:14)
  4 rime drakes
  9 komodo dragons
  An entropy weaver simulacrum (IceCv)
  3 trolls
  3 meliai (Gauntlet)
  3 polar bears
  14 dream sheep
  5 blink frogs (Lair:5)
  8 slime creatures
  Sigmund (D:5)
  2 air elementals
  A centaur simulacrum (D:15)
  3 dire elephant simulacra (IceCv)
  4 wyverns
  60 yaks
  3 shadows
  6 fire elementals
  3 wraiths
  A golden eye (shapeshifter) (Elf:1)
  2 vampire mosquitoes (D:14)
  2 water elementals
  Grum (D:8)
  8 basilisks
  A steam dragon (D:9)
  5 death yak simulacra (IceCv)
  A hog (shapeshifter) (D:14)
  Edmund (D:4)
  An acid dragon (D:8)
  18 water moccasins
  5 hell hounds
  18 orc warriors
  A swamp drake (D:10)
  2 sky beasts
  A black bear (D:8)
  25 ogres
  20 wolves
  7 centaurs
  5 kobold brigands
  Blork the orc (D:3)
  3 necrophages
  18 bullfrogs
  2 gnoll sergeants
  2 scorpions (D:5)
  6 two-headed ogre simulacra (IceCv)
  4 cane toad simulacra (IceCv)
  3 wights (D:9)
  9 killer bees (D:9)
  An oklob sapling (D:5)
  2 elephant simulacra (IceCv)
  An electric eel (Lair:3)
  5 howler monkeys
  A hound (D:5)
  5 jellies
  Crazy Yiuf (D:4)
  A gnoll shaman (D:8)
  10 orc priests
  2 iguanas
  20 orc wizards
  2 polar bear simulacra (IceCv)
  5 troll simulacra (IceCv)
  6 spriggan simulacra (IceCv)
  A wolf simulacrum (IceCv)
  Robin (D:4)
  13 gnolls
  2 naga simulacra (IceCv)
  8 adders
  2 shadow imps
  8 white imps
  3 ufetubi
  3 dart slugs
  75 orcs
  8 endoplasms
  2 giant cockroaches
  7 hobgoblins
  3 jackals
  8 quokkas
  5 ball pythons
  4 bats
  5 frilled lizards
  15 goblins
  43 kobolds
  3 rats
  A bush (Lair:6)
836 creatures vanquished.

Vanquished Creatures (others)
  A deep elf archer (Elf:3)
  A goblin (D:4)
  A bush (Lair:6)
  69 fungi
  120 plants
192 creatures vanquished.

Grand Total: 1028 creatures vanquished

Notes
Turn   | Place    | Note
-------+----------+-------------------------------------------
     0 | D:1      | DocClef the Minotaur Fighter began the quest for the Orb.
     0 | D:1      | Reached XP level 1. HP: 19/19 MP: 0/0
   252 | D:1      | Reached XP level 2. HP: 23/27 MP: 1/1
   660 | D:1      | Reached skill level 5 in Fighting
   886 | D:2      | Reached XP level 3. HP: 35/36 MP: 2/2
   906 | D:2      | Found a faded altar of an unknown god.
  1537 | D:3      | Found an iron altar of Okawaru.
  1543 | D:3      | Became a worshipper of Warmaster Okawaru
  1766 | D:3      | Reached XP level 4. HP: 41/44 MP: 3/3
  2171 | D:4      | Noticed Robin
  2171 | D:4      | Noticed Edmund
  2228 | D:4      | Reached XP level 5. HP: 39/51 MP: 4/4
  2298 | D:4      | Noticed Blork the orc
  2322 | D:3      | Killed Blork the orc
  2523 | D:4      | Killed Robin
  2639 | D:4      | Killed Edmund
  2639 | D:4      | Reached * piety under Okawaru
  2640 | D:4      | Reached XP level 6. HP: 34/62 MP: 5/5
  2650 | D:4      | Identified the +3 halberd "Rujua" {pain, Str+4}
  3031 | D:4      | Found Zoroafeu's Assorted Antiques.
  3354 | D:4      | Found a runed translucent door.
  3355 | D:4      | Noticed Crazy Yiuf
  3494 | D:4      | Killed Crazy Yiuf
  3495 | D:4      | Reached XP level 7. HP: 43/70 MP: 6/6
  3661 | D:5      | Entered Level 5 of the Dungeon
  3688 | D:5      | Reached skill level 10 in Fighting
  3790 | D:5      | Reached skill level 3 in Axes
  3823 | D:5      | Found a staircase to the Ecumenical Temple.
  3858 | Temple   | Entered the Ecumenical Temple
  4113 | D:5      | Reached skill level 4 in Axes
  4173 | D:5      | Reached ** piety under Okawaru
  4178 | D:5      | Reached skill level 5 in Axes
  4204 | D:5      | Reached skill level 6 in Axes
  4593 | D:5      | Reached XP level 8. HP: 75/79 MP: 7/7
  4702 | D:5      | Noticed Sigmund
  4712 | D:5      | Reached skill level 7 in Axes
  4715 | D:5      | Killed Sigmund
  4715 | D:5      | Reached *** piety under Okawaru
  4716 | D:5      | Reached skill level 8 in Axes
  4831 | D:5      | Found Koho's Weapon Boutique.
  5025 | D:5      | Reached skill level 9 in Axes
  5145 | D:6      | Found a sacrificial altar of Ru.
  5157 | D:6      | Found a white marble altar of Elyvilon.
  5201 | D:6      | Noticed a two-headed ogre
  5208 | D:6      | Killed a two-headed ogre
  5209 | D:6      | Reached skill level 11 in Axes
  5209 | D:6      | Reached XP level 9. HP: 59/85 MP: 8/8
  5442 | D:6      | Found a glowing golden altar of the Shining One.
  5454 | D:6      | Found a snail-covered altar of Cheibriados.
  5679 | D:7      | Reached **** piety under Okawaru
  5680 | D:7      | Reached skill level 12 in Axes
  6175 | D:7      | Received a gift from Okawaru
  6784 | D:8      | Found a glowing silver altar of Zin.
  6784 | D:8      | Noticed an angel
  6798 | D:8      | Reached skill level 13 in Axes
  6904 | D:8      | Noticed Grum
  6926 | D:8      | Killed Grum
  6927 | D:8      | Reached skill level 14 in Axes
  7254 | D:8      | Reached XP level 10. HP: 92/93 MP: 9/9
  7879 | D:9      | Noticed a two-headed ogre
  7885 | D:9      | Killed a two-headed ogre
  7886 | D:9      | Reached skill level 15 in Axes
  8112 | D:9      | Reached ***** piety under Okawaru
  8288 | D:9      | Reached skill level 16 in Axes
  9029 | D:9      | Found a staircase to the Orcish Mines.
  9464 | D:9      | Reached skill level 17 in Axes
  9717 | D:10     | Entered Level 10 of the Dungeon
  9832 | D:10     | Found a shimmering blue altar of Sif Muna.
  9987 | D:10     | Found Qethuthrae's CLEARANCE SALE!.
 10440 | D:10     | Reached XP level 11. HP: 86/99 MP: 10/10
 10647 | D:10     | Found a staircase to the Lair.
 11067 | D:11     | Noticed a two-headed ogre
 11067 | D:11     | Found the +2 ratskin cloak {*Rats rPois rN+ Str-1 Int-1
                  | Dex+1}
 11076 | D:11     | Killed a two-headed ogre
 11077 | D:11     | Reached skill level 18 in Axes
 11817 | D:11     | Noticed a four-headed hydra
 12014 | Lair:1   | Entered Level 1 of the Lair of Beasts
 12034 | Lair:1   | Received a gift from Okawaru
 12337 | Lair:1   | Reached ****** piety under Okawaru
 13066 | Lair:2   | Found a staircase to the Snake Pit.
 13290 | Lair:2   | Found a staircase to the Shoals.
 13305 | Lair:2   | Reached XP level 12. HP: 90/118 MP: 11/11
 13309 | Lair:2   | Reached skill level 15 in Fighting
 14202 | Lair:3   | Identified the +9 battleaxe of Usisigg {freeze, rN+ Int+4
                  | Dex+4} (Okawaru gifted it to you on level 3 of the Lair of
                  | Beasts)
 14202 | Lair:3   | Received a gift from Okawaru
 15403 | Lair:4   | Noticed Ithra's ghost (journeyman OgTm)
 15414 | Lair:4   | Found a transporter.
 15414 | Lair:4   | Noticed a death yak
 15422 | Lair:4   | Noticed a six-headed hydra
 15434 | Lair:4   | Found a transporter.
 15451 | Lair:4   | Reached skill level 19 in Axes
 15638 | Lair:4   | Identified the +5 crystal plate armour of Watchfulness {rC+
                  | Stlth+} (Okawaru gifted it to you on level 4 of the Lair of
                  | Beasts)
 15638 | Lair:4   | Received a gift from Okawaru
 15816 | Lair:4   | Reached skill level 20 in Axes
 15999 | Lair:4   | Reached XP level 13. HP: 130/130 MP: 12/12
 16600 | Lair:5   | Found a staircase to the Slime Pits.
 16600 | Lair:5   | Found a viscous altar of Jiyva.
 16605 | Lair:5   | Noticed Rupert
 16655 | Lair:5   | Paralysed by Rupert for 5 turns
 16665 | Lair:5   | Killed Rupert
 16902 | Lair:5   | Received a gift from Okawaru
 17250 | Lair:6   | Entered Level 6 of the Lair of Beasts
 17960 | Lair:6   | Received a gift from Okawaru
 17961 | Lair:6   | Reached XP level 14. HP: 35/149 MP: 13/13
 18338 | Lair:6   | Identified the +8 rapier "Fenarese" {drain, Int-5 Dex+9
                  | SInv}
 19472 | D:12     | Found a frozen archway.
 19489 | IceCv    | Entered an ice cave
 19682 | IceCv    | Reached skill level 1 in Invocations
 19964 | IceCv    | Received a gift from Okawaru
 21150 | D:12     | Reached skill level 5 in Invocations
 21533 | D:13     | Found Cucycs's Weapon Boutique.
 21770 | D:13     | Received a gift from Okawaru
 22384 | D:14     | Found a gate to the Vaults.
 22384 | D:14     | Noticed an ironbound preserver
 22395 | D:14     | Killed an ironbound preserver
 22746 | D:14     | Reached XP level 15. HP: 118/160 MP: 20/20
 23435 | D:15     | Entered Level 15 of the Dungeon
 23468 | D:15     | Identified the +5 ring mail "Rynearph" {Int+6 Dex+3}
                  | (Okawaru gifted it to you on level 15 of the Dungeon)
 23468 | D:15     | Received a gift from Okawaru
 23532 | D:15     | Reached skill level 10 in Invocations
 23604 | D:15     | Found a staircase to the Depths.
 24140 | D:15     | Noticed Azrael
 24150 | D:15     | Killed Azrael
 24242 | D:15     | Noticed Agnes
 24251 | D:15     | Killed Agnes
 24675 | Orc:1    | Entered Level 1 of the Orcish Mines
 24709 | Orc:1    | Found Tujow's Jewellery Emporium.
 25006 | Orc:1    | Bought the ring "Cusiza" {rN++ AC+4 Str+7 Int-5} for 865
                  | gold pieces
 25021 | Orc:2    | Entered Level 2 of the Orcish Mines
 25037 | Orc:2    | Found a gate leading to a gauntlet.
 25046 | Gauntlet | Entered a Gauntlet
 25046 | Gauntlet | Found a large runed translucent door.
 25046 | Gauntlet | Found a large runed translucent door.
 25046 | Gauntlet | Found a large runed translucent door.
 25046 | Gauntlet | Found a large runed translucent door.
 25046 | Gauntlet | Found a transporter.
 25046 | Gauntlet | Found a large runed translucent door.
 25046 | Gauntlet | Found a large runed translucent door.
 25046 | Gauntlet | Found a large runed translucent door.
 25046 | Gauntlet | Found a large runed translucent door.
 25046 | Gauntlet | Found a runed translucent door.
 25046 | Gauntlet | Found a runed translucent gate.
 25046 | Gauntlet | Found a transporter.
 25046 | Gauntlet | Found a transporter.
 25046 | Gauntlet | Found a runed translucent gate.
 25046 | Gauntlet | Found a transporter.
 25051 | Gauntlet | Found a transporter.
 25060 | Gauntlet | Found the amulet of the Four Winds {rN+ Will+++ Clar}
 25062 | Gauntlet | Found a transporter.
 25119 | Gauntlet | Found a runed translucent door.
 25120 | Gauntlet | Found a large runed translucent door.
 25120 | Gauntlet | Found a large runed translucent door.
 25120 | Gauntlet | Found a large runed translucent door.
 25120 | Gauntlet | Found a large runed translucent door.
 25121 | Gauntlet | Found a large runed translucent door.
 25121 | Gauntlet | Found a large runed translucent door.
 25122 | Gauntlet | Found a large runed translucent door.
 25122 | Gauntlet | Found a large runed translucent door.
 25126 | Gauntlet | Found a transporter.
 25136 | Gauntlet | Found a transporter.
 25151 | Gauntlet | Found a transporter.
 25161 | Gauntlet | Found a transporter.
 25176 | Gauntlet | Found a transporter.
 25182 | Gauntlet | Found a transporter.
 25205 | Gauntlet | Found a runed translucent gate.
 25393 | Gauntlet | Identified the +6 chain mail of the Arena {rC- Str+8 Int-3
                  | Stlth+}
 25481 | Gauntlet | Reached skill level 5 in Armour
 25594 | Orc:2    | Identified the +2 hat "Qecwif" {-Cast +Inv Regen+ Str-4}
                  | (Okawaru gifted it to you on level 2 of the Orcish Mines)
 25594 | Orc:2    | Received a gift from Okawaru
 25612 | Orc:2    | Found Selesag's Weapon Shop.
 25612 | Orc:2    | Found Ehyxtuv's Weapon Shoppe.
 25619 | Orc:2    | Found Esepoyhy's Magic Scroll Shoppe.
 25619 | Orc:2    | Found Buklang's Magic Scroll Boutique.
 25900 | Orc:2    | Found a staircase to the Elven Halls.
 25907 | Orc:2    | Reached skill level 10 in Armour
 26168 | Orc:1    | Noticed Jorgrun
 26182 | Orc:1    | Killed Jorgrun
 26183 | Orc:1    | Reached XP level 16. HP: 110/169 MP: 24/24
 26185 | Orc:1    | Received a gift from Okawaru
 26379 | Elf:1    | Entered Level 1 of the Elven Halls
 26652 | Elf:1    | Paralysed by an air elemental for 1 turns
 26658 | Elf:1    | Paralysed by an air elemental for 1 turns
 26844 | Elf:1    | Received a gift from Okawaru
 26845 | Elf:1    | Reached skill level 21 in Axes
 27095 | Elf:1    | Identified the +6 hunting sling "Jufex" {freeze, rElec
                  | rPois rCorr Int-5}
 27448 | Elf:2    | Received a gift from Okawaru
 27449 | Elf:2    | Reached skill level 22 in Axes
 27468 | Elf:2    | Found a runed translucent gate.
 27468 | Elf:2    | Found a runed translucent gate.
 27468 | Elf:2    | Found a runed translucent gate.
 28067 | Elf:2    | Identified the +7 plate armour of Jokot {Harm rPois Int+2}
                  | (Okawaru gifted it to you on level 2 of the Elven Halls)
 28067 | Elf:2    | Received a gift from Okawaru
 28160 | Elf:2    | Reached skill level 23 in Axes
 28639 | Elf:3    | Entered Level 3 of the Elven Halls
 28860 | Elf:3    | Reached XP level 17. HP: 158/176 MP: 25/25
 29027 | Elf:3    | Paralysed by an air elemental for 1 turns
 29276 | Elf:3    | Reached skill level 24 in Axes
 29290 | Elf:3    | Noticed a deep elf blademaster
 29294 | Elf:3    | Noticed a deep elf master archer
 29299 | Elf:3    | HP: 1/176 [deep elf master archer/arrow (11)]
 29299 | Elf:3    | Shot with an arrow by a deep elf master archer

Illustrated notes

Levels and vault maps discovered:
D:1:      evilmike_arrival_rings, layout_loops_ring
D:2:      layout_basic, ebering_ecumenical_altar_abandoned, nrook_campfire
D:3:      layout_basic, okawaru_gym_becter, minmay_quadrilaterals
D:4:      layout_basic, nicolae_wooded_promenade, wad_floor_pattern_untrapped,
          uniq_robin, uniq_crazy_yiuf_cottage, uniq_edmund, uniq_blork_the_orc
D:5:      layout_loops_cross, minmay_temple_entry_oklob, serial_shops,
          kennysheep_mini_moat, kennysheep_donut, uniq_sigmund
D:6:      layout_rooms, nicolae_overflow_quartered_altars,
          minmay_unpleasant_kobolds
D:7:      layout_basic, chequers_serial_rivers_marsh,
          hangedman_decor_diamond_cutter
D:8:      layout_loops_ring, zin_angel, serial_glass, glass_columns_a,
          glass_columns_b, glass_columns_a, glass_columns_c, glass_columns_a,
          glass_columns_c, glass_columns_a, glass_columns_a, uniq_grum
D:9:      kennysheep_kobold_camp, layout_basic, orc_david_3
D:10:     layout_irregular_city, led_sif_book, erik_lair_dragon,
          nicolae_shop_clearance
D:11:     layout_gridville
D:12:     layout_roguey, portal_ice_cave_rime, minmay_misc_feat_room
D:13:     layout_stronghold, serial_shops, nicolae_shop_advertising_works
          [nicolae_subvault_shop_adworks]
D:14:     layout_loops_corners, skrybe_vaults_entry_preservation,
          nrook_mini_vaults, special_room [special_room_orc]
D:15:     hangedman_depths_entry_try_elsewhere_first, layout_cave_pods,
          uniq_agnes, uniq_azrael
Temple:   bh_familiar_temple
Lair:1:   layout_gridlike, beast_lair_carwin_2, infiniplex_staircase_pool_2,
          grunt_megastairs_3
Lair:2:   layout_loops_ring, minmay_shoals_entry_centaurs, dummy_snake_entry
Lair:3:   layout_regular_city, serial_bayou_pond_a, minivault_26,
          chequers_serial_rivers_room_a, nicolae_lair_grazing_beasts
          [nicolae_sub_lair_graze_edge, nicolae_sub_lair_graze_edge,
          nicolae_sub_lair_graze_edge, nicolae_sub_lair_graze_edge]
Lair:4:   layout_cave_pods, gammafunk_ghost_berserking_beasts
Lair:5:   layout_misc_corridors, minmay_slime_entry_pillars, grunt_megastairs_2,
          lemuel_fruit_tree, uniq_rupert
Lair:6:   evilmike_catoblepas_cave, layout_loops_ring, serial_bayou_pond_d
Orc:1:    layout_caves, serial_shops, shop, uniq_jorgrun
Orc:2:    st_orc_ogre_mass, layout_caves, basic_altar, gauntlet_entry_generic,
          nicolae_orc_lava_room
Elf:1:    minmay_elf_arrival_summoners, layout_geoelf_diagonals,
          kennysheep_underground_church
Elf:2:    elven_hall_of_blades_hangedman_original [nicolae_blade_lattice],
          layout_loops_cross
Elf:3:    minmay_elf_hall_spiked, layout_geoelf_octagon

Skill      XL: |  1  2  3  4  5  6  7  8  9 10 11 12 13 14 15 16 17 |
---------------+----------------------------------------------------+-----
Fighting       | 4 5 6 8 9 10 14 16 20 22 | 22.0
Axes           | 6 11 14 17 18 20 23 24 | 24.1
Invocations    | 9 12 | 12.1
Armour         | 10 11 | 11.0
Shields        | |  3.6

Action                   |  1- 3 |  4- 6 |  7- 9 | 10-12 | 13-15 | 16-18 || total
-------------------------+-------+-------+-------+-------+-------+-------++-------
Melee: War axe           |    86 |    87 |    12 |       |       |       ||   185
       Headbutt          |     9 |    13 |    41 |   125 |   180 |    42 ||   410
       Broad axe         |       |       |   204 |   281 |       |       ||   485
       Trident           |       |       |       |   230 |    51 |       ||   281
       Battleaxe         |       |       |       |   104 |   671 |   249 ||  1024
       Punch             |       |       |       |       |     1 |       ||     1
Invok: Heroism           |       |       |     2 |     2 |     4 |     5 ||    13
       Finesse           |       |       |       |       |     2 |     2 ||     4
Evoke: Wand              |       |       |       |       |     3 |       ||     3
  Use: Scroll            |     2 |       |    10 |     9 |     5 |     2 ||    28
       Potion            |       |       |     4 |     1 |     1 |       ||     6
 Stab: Distracted        |       |       |       |       |     1 |       ||     1
Armor: Scale mail        |    33 |    32 |    61 |   198 |       |       ||   324
       Crystal plate arm |       |       |       |     7 |   380 |   152 ||   539
Dodge: Dodged            |    37 |    34 |    94 |   315 |   298 |    71 ||   849
Block: Buckler           |    17 |    33 |    99 |   226 |     4 |       ||   379
       Reflection        |       |     2 |     2 |    10 |     1 |       ||    15
       Other             |       |       |       |    16 |    45 |       ||    61

Table legend: (Time is in decaauts)
 A = Elapsed time spent in this place.
 B = Non-inter-level travel time spent in this place.
 C = Inter-level travel time spent in this place.
 D = Time resting spent in this place.
 E = Time spent auto-exploring this place.
 F = Levels seen in this place.
 G = Mean time per level.
                   A        B        C        D        E       F      G
               +--------+--------+--------+--------+--------+-----+--------+
         Total |  28981 |  27834 |   1147 |   1827 |  21393 |  29 |  999.3 |
       Dungeon |  15998 |  15255 |    743 |   1221 |  11702 |  15 | 1066.5 |
        Temple |    245 |    226 |     19 |      0 |    222 |   1 |  245.0 |
          Lair |   6851 |   6627 |    224 |    489 |   5148 |   6 | 1141.8 |
  Orcish Mines |   1183 |   1094 |     89 |      0 |    831 |   2 |  591.5 |
   Elven Halls |   2834 |   2763 |     71 |    117 |   2130 |   3 |  944.7 |
      Ice Cave |   1393 |   1393 |      0 |      0 |   1193 |   1 | 1393.0 |
      Gauntlet |    473 |    473 |      0 |      0 |    167 |   1 |  473.0 |
               +--------+--------+--------+--------+--------+-----+--------+

Top non-repeatable levels by time:
     D:9: 1920 daAuts
    D:10: 1864 daAuts
  Lair:6: 1582 daAuts
   IceCv: 1393 daAuts
  Lair:4: 1240 daAuts
   Elf:2: 1221 daAuts
     D:5: 1197 daAuts
    D:14: 1185 daAuts
     D:7: 1157 daAuts
  Lair:3: 1154 daAuts
     D:4: 1122 daAuts
     D:3: 1093 daAuts
  Lair:1: 1080 daAuts
     D:8: 1065 daAuts
    D:11: 976 daAuts
